 Dungeon Crawl Stone Soup version 0.24.0-13-gcf9b3192b9 (webtiles) character file.

Game seed: 6225339750541278887, levelgen mode: deterministic

14183 Bombadil the Geomancer (level 12, -8/62 HPs)
             Began as a Gargoyle Earth Elementalist on Nov 5, 2019.
             Was a High Priest of Vehumet.
             Killed from afar by a catoblepas (14 damage)
             ... with a blast of calcifying dust
             ... on level 2 of the Lair of Beasts.
             The game lasted 00:41:26 (17376 turns).

Bombadil the Geomancer (GrEE)                      Turns: 17376, Time: 00:41:26

Health: -8/62      AC: 10    Str: 15    XL:     12   Next: 13%
Magic:  17/27      EV: 10    Int: 20    God:    Vehumet [*****.]
Gold:   640        SH: 10    Dex: 10    Spells: 20/33 levels left

rFire    . . .     SeeInvis +   W - staff of cold
rCold    + . .     Gourm    .   E - +2 shield
rNeg     + . .     Faith    .   (no armour)
rPois    ∞         Spirit   .   (no helmet)
rElec    +         Reflect  .   x - scarf {cloud immunity}
rCorr    .         Harm     +   (no gloves)
MR       .....                  a - +0 pair of boots
Stlth    +++.......             o - amulet of harm
HPRegen  0.20/turn              e - +4 ring of strength
MPRegen  0.20/turn              g - ring of see invisible

@: no status effects
A: dopey 1, mutation resistance 1, negative energy resistance 1, shaggy fur 1,
electricity resistance, unbreathing, petrification resistance, rot immunity, AC
+8
a: Renounce Religion


You were on level 2 of the Lair of Beasts.
You worshipped Vehumet.
Vehumet was extremely pleased with you.
You were not hungry.

You visited 3 branches of the dungeon, and saw 14 of its levels.
You also visited: Ossuary.

You collected 640 gold pieces.

Inventory:

Hand Weapons
 m - a +0 mace
 q - a +2 quarterstaff of chaos
 t - a +0 whip
Missiles
 b - 294 stones (quivered)
 X - 6 curare-tipped darts
Armour
 a - a +0 pair of boots (worn)
 c - a +1 robe
 v - a +0 cloak
 x - a scarf of cloud immunity (worn)
 A - the +1 ring mail of the Vaults {-Cast MP-9 Str+4 SInv Stlth+}
   (You found it on level 4 of the Dungeon)

   It affects your strength (+4).
   It affects your magic capacity (-9).
   It lets you see invisible.
   It prevents spellcasting.
   It makes you more stealthy.
 E - a +2 shield (worn)
 U - a +2 buckler
Magical Staves
 J - an uncursed staff of summoning
 O - an uncursed staff of air
 W - an uncursed staff of cold (weapon)
Jewellery
 e - a +4 ring of strength (left hand)
 g - a ring of see invisible (right hand)
 o - an amulet of harm (around neck)
 z - an uncursed amulet of magic regeneration
Wands
 y - a wand of flame (11)
 N - a wand of paralysis (10)
 Q - a wand of enslavement (6)
 R - a wand of disintegration (10)
Scrolls
 f - 5 scrolls of remove curse
 w - 2 scrolls of noise {unknown}
 C - a scroll of enchant weapon {unknown}
 D - 2 scrolls of enchant armour
 F - a scroll of fog
 G - a scroll of fear {unknown}
 H - a scroll of magic mapping {unknown}
 I - 4 scrolls of teleportation
 K - a scroll of immolation
 L - 4 scrolls of identify
 M - a scroll of blinking {unknown}
 S - 2 scrolls of amnesia {unknown}
 T - a scroll of summoning {unknown}
Potions
 h - 9 potions of curing
 i - 3 potions of brilliance
 j - 3 potions of berserk rage
 k - 4 potions of cancellation
 l - a potion of lignification
 n - 3 potions of heal wounds
 p - a potion of degeneration {unknown}
 r - a potion of might {unknown}
 s - 2 potions of agility
 u - 3 potions of haste
 B - a potion of resistance
 P - 2 potions of flight {unknown}
 V - a potion of magic {unknown}
Comestibles
 d - 19 rations


   Skills:
 + Level 2.2 Fighting
 + Level 1.7(2.5) Maces & Flails
 + Level 2.7(3.0) Staves
 + Level 2.9 Dodging
 + Level 4.8 Stealth
 + Level 3.9 Shields
 + Level 11.2 Spellcasting
 + Level 7.5 Conjurations
   Level 0.7 Transmutations
 + Level 13.2 Earth Magic


You had 20 spell levels left.
You knew the following spells:

 Your Spells              Type           Power        Failure   Level  Hunger
a - Sandblast             Erth           ######       1%          1    None
b - Stone Arrow           Conj/Erth      ######       1%          3    None
c - Lee's Rapid Deconstr  Erth           ######....   1%          5    ####...
d - Sticky Flame          Conj/Fire      ####....     14%         4    ##.....

Your spell library contained the following spells:

 Spells                   Type           Power        Failure   Level  Hunger
 Bolt of Magma            Conj/Fire/Erth #####.....   11%         5    ####...
 Passwall                 Tmut/Erth      #####...     2%          2    None
 Dazzling Spray           Conj/Hex       ####..       4%          3    None
 Petrify                  Tmut/Erth      #####...     14%         4    ##.....
 Corona                   Hex            ##.....      26%         1    None
 Blink                    Tloc           N/A          36%         2    None
 Ensorcelled Hibernation  Hex/Ice        ###...       36%         2    None
 Shroud of Golubria       Chrm/Tloc      ##....       36%         2    None
 Confuse                  Hex            ##......     61%         3    None
 Gell's Gravitas          Tloc           ##........   61%         3    None
 Lesser Beckoning         Tloc           ##........   61%         3    None
 Teleport Other           Tloc           ##......     61%         3    None
 Tukima's Dance           Hex            ##......     61%         3    None
 Passage of Golubria      Tloc           N/A          95%         4    ##.....


Dungeon Overview and Level Annotations

Branches:
Dungeon (9/15)             Temple (1/1) D:7            Lair (4/6) D:9
 Shoals (0/4) Lair:2       Spider (0/4) Lair:2      Ossuary (visited)
    Orc: D:9-12

Altars:
Ashenzari
Cheibriados
Dithmenos
Elyvilon
Fedhas
Gozag
Hepliaklqana
Kikubaaqudgha
Makhleb
Nemelex Xobeh
Okawaru
Qazlal
Ru
Sif Muna
Trog
Uskayaw
Vehumet
Wu Jian
Xom
Yredelemnul
Zin
The Shining One

Shops:
D:9 :


Innate Abilities, Weirdness & Mutations

You are resistant to torment.
Your stone body is resilient. (AC +8)
You are immune to poison.
You resist negative energy. (rN+)
You are resistant to electric shocks. (rElec)
You can survive without breathing.
You are immune to petrification.
You are immune to rotting.
You are dopey. (Int -2)
You are somewhat resistant to further mutation.
You are covered in fur. (AC +1)


Message History

The yak bellows!
Casting: Stone Arrow (safe; 1% risk of failure)
Confirm with . or Enter, or press ? or * to list all spells.
Aiming: Stone Arrow (safe; 1% risk of failure)
Press: ? - help, Shift-Dir - straight line, f/p - catoblepas
Aim: a catoblepas (heavily wounded)
The stone arrow hits the catoblepas!
The catoblepas is severely wounded.
The catoblepas gores you!
* * * LOW HITPOINT WARNING * * *
The yak bellows!
The yak bellows!
The yak enters a dispersal trap!
The yak blinks!
The catoblepas blinks!
The yak blinks! x2; The catoblepas blinks! x2; The yak blinks! x3; You blink.
The yak blinks!
There is a hole to the Spider Nest here.
The catoblepas breathes a plume of calcifying dust at you.
The blast of calcifying dust hits the bush but does no damage.
The blast of calcifying dust hits you!
You die...

#...<......## #...#P.#.#.?..
....^.....## ##........#...
#.........# ##.#..........
#>........# #.........#...
#.........######## ##......Y.....
...>.......#P.##.####.#......#...
#.....###.............#......)(..
..#........##'#..#....#..........
..#........+....@.Y.Y.P.§....#..#
.................P.Y.§..§........
........#..#.....[§§..§†Y....#..#
......#.#...........Y.#P§.#+#...
...........#...#....^...........
................................
######..PP###.#..###....P#.###P#
# #. ###### ####$#### ###


You could see a catoblepas and 3 yaks.

Vanquished Creatures
  A catoblepas (Lair:2)
  A hydra (Lair:4)
  Sonja (Lair:4)
  An ugly thing (D:8)
  A black mamba (Lair:1)
  3 spiny frogs
  A rime drake (Lair:2)
  A queen bee (Lair:1)
  Grinder (D:4)
  5 yaks
  4 basilisks
  A hungry ghost (D:9)
  4 water moccasins
  7 swamp worms (D:9)
  Duvessa (D:4)
  7 porcupines
  An orc warrior (D:9)
  2 ice beasts
  6 ogres
  8 crocodiles
  9 centaurs
  A big kobold (D:9)
  13 bullfrogs
  Dowan (D:4)
  2 scorpions (D:6)
  32 killer bees
  5 wights (D:7)
  An electric eel (Lair:1)
  5 howler monkeys
  3 crimson imps
  A quasit (D:9)
  A jelly (D:9)
  2 bullfrog zombies
  9 orc priests
  Crazy Yiuf (D:3)
  2 hounds (D:5)
  9 orc wizards
  Natasha (thrice) (D:3)
  An iguana (D:5)
  4 worker ants
  8 big kobold zombies (Ossuary)
  A hound zombie (D:6)
  2 hound skeletons
  A mummy (Ossuary)
  2 worker ant zombies
  Robin (D:3)
  19 adders
  6 gnolls
  3 orc zombies
  5 gnoll zombies
  2 shadow imps
  2 oozes
  An adder zombie (D:9)
  An adder skeleton (D:5)
  3 worms
  4 dart slugs
  5 leopard geckos
  23 orcs
  4 spectral bats (Ossuary)
  2 ball pythons
  4 giant cockroaches
  17 goblins
  9 hobgoblins
  18 jackals
  10 kobolds
  5 quokkas
  2 bats
  3 bat simulacra (Ossuary)
  10 frilled lizards
  A giant cockroach zombie (D:5)
  3 goblin simulacra (Ossuary)
  4 goblin zombies (Ossuary)
  8 hobgoblin zombies (Ossuary)
  2 kobold simulacra (Ossuary)
  4 kobold zombies (Ossuary)
  2 leopard gecko skeletons
  7 rats
  3 rat simulacra (Ossuary)
  2 spectral goblins (Ossuary)
  A spectral kobold (Ossuary)
  6 spectral rats (Ossuary)
  2 fungi (D:3)
  3 plants (D:9)
383 creatures vanquished.

Vanquished Creatures (others)
  A fungus (D:9)
  2 plants (D:9)
3 creatures vanquished.

Grand Total: 386 creatures vanquished

Notes
Turn   | Place    | Note
-------+----------+-------------------------------------------
     0 | D:1      | Bombadil the Gargoyle Earth Elementalist began the quest
                  | for the Orb.
     0 | D:1      | Reached XP level 1. HP: 10/10 MP: 3/3
   143 | D:1      | Reached skill level 4 in Earth Magic
   143 | D:1      | Reached XP level 2. HP: 15/15 MP: 3/5
   490 | D:3      | Noticed Robin
   510 | D:3      | Reached XP level 3. HP: 19/19 MP: 4/6
   533 | D:2      | Learned a level 3 spell: Stone Arrow
  1235 | D:2      | Reached skill level 5 in Earth Magic
  1235 | D:2      | Reached XP level 4. HP: 21/24 MP: 1/7
  1844 | D:2      | Found a white marble altar of Elyvilon.
  2495 | D:3      | Found a glowing silver altar of Zin.
  2582 | D:3      | Noticed Natasha
  2590 | D:3      | Killed Natasha
  2590 | D:3      | Reached XP level 5. HP: 19/28 MP: 1/9
  2601 | D:3      | Learned a level 5 spell: Lee's Rapid Deconstruction
  2760 | D:3      | Found a shattered altar of Ashenzari.
  3055 | D:3      | Noticed Natasha
  3066 | D:3      | Killed Natasha
  3066 | D:3      | Reached skill level 6 in Earth Magic
  3150 | D:3      | Noticed Natasha
  3163 | D:3      | Killed Natasha
  3283 | D:3      | Killed Robin
  3283 | D:3      | Reached XP level 6. HP: 15/32 MP: 0/11
  3715 | D:3      | Found a runed translucent door.
  3716 | D:3      | Noticed Crazy Yiuf
  3724 | D:3      | Killed Crazy Yiuf
  3724 | D:3      | Reached skill level 1 in Maces & Flails
  4035 | D:4      | Noticed Dowan
  4037 | D:4      | Noticed Duvessa
  4266 | D:4      | Noticed Grinder
  4543 | D:4      | Killed Grinder
  4543 | D:4      | Reached skill level 1 in Conjurations
  4543 | D:4      | Reached XP level 7. HP: 32/37 MP: 2/13
  5015 | D:4      | Got a brightly glowing ring mail
  5038 | D:3      | Identified the cursed +1 ring mail of the Vaults {-Cast
                  | MP-9 Str+4 SInv Stlth+} (You found it on level 4 of the
                  | Dungeon)
  5154 | D:4      | Killed Duvessa
  5263 | D:4      | Killed Dowan
  5263 | D:4      | Reached skill level 7 in Earth Magic
  5934 | D:5      | Entered Level 5 of the Dungeon
  5939 | D:5      | Found a stormy altar of Qazlal.
  5980 | D:5      | Reached skill level 5 in Spellcasting
  6219 | D:5      | Reached XP level 8. HP: 42/42 MP: 3/15
  6311 | D:5      | Reached skill level 1 in Staves
  6434 | D:5      | Found a stormy altar of Qazlal.
  6481 | D:5      | Reached skill level 1 in Fighting
  6740 | D:5      | Found a hazy altar of Hepliaklqana.
  6792 | D:5      | Found a burning altar of Makhleb.
  6868 | D:5      | Reached skill level 8 in Earth Magic
  6988 | D:5      | Found a transporter.
  7137 | D:5      | Found a transporter.
  8098 | D:6      | Reached XP level 9. HP: 47/47 MP: 2/18
  8924 | D:6      | Found an iron altar of Okawaru.
  8951 | D:6      | Reached skill level 9 in Earth Magic
  9150 | D:7      | Found a staircase to the Ecumenical Temple.
  9165 | Temple   | Entered the Ecumenical Temple
  9168 | Temple   | Became a worshipper of Vehumet
  9593 | D:7      | Found a sand-covered staircase.
  9598 | Ossuary  | Entered an ossuary
  9860 | Ossuary  | Reached * piety under Vehumet
  9860 | Ossuary  | Offered knowledge of Flame Tongue by Vehumet.
 10723 | Ossuary  | Reached ** piety under Vehumet
 11372 | D:7      | Offered knowledge of Shock by Vehumet.
 11646 | D:7      | Found a shimmering altar of Xom.
 11740 | D:7      | Reached skill level 10 in Earth Magic
 12012 | D:8      | Found a shimmering blue altar of Sif Muna.
 12039 | D:8      | Reached skill level 5 in Conjurations
 12226 | D:8      | Reached XP level 10. HP: 52/52 MP: 15/22
 12249 | D:8      | Found a bloodstained altar of Trog.
 12306 | D:8      | Noticed a white ugly thing
 12317 | D:8      | Killed a white ugly thing
 12317 | D:8      | Reached skill level 1 in Shields
 12590 | D:8      | Noticed a two-headed ogre
 12599 | D:8      | HP: 1/52 [two-headed ogre/cursed +0 giant spiked club (10)]
 13111 | D:8      | Found a burning altar of Makhleb.
 13238 | D:8      | Offered knowledge of Inner Flame by Vehumet.
 13624 | D:9      | Found a sacrificial altar of Ru.
 13642 | D:9      | Reached *** piety under Vehumet
 13642 | D:9      | Reached skill level 11 in Earth Magic
 13827 | D:9      | Gained mutation: You tend to lose your temper in combat.
                  | [potion of mutation]
 13827 | D:9      | Lost mutation: You tend to lose your temper in combat.
                  | [potion of mutation]
 13827 | D:9      | Gained mutation: You have a pair of small horns on your
                  | head. [potion of mutation]
 13828 | D:9      | Lost mutation: You have a pair of small horns on your head.
                  | [potion of mutation]
 13828 | D:9      | Gained mutation: You are weak. (Str -2) [potion of
                  | mutation]
 13828 | D:9      | Gained mutation: You have a pair of small horns on your
                  | head. [potion of mutation]
 13828 | D:9      | Lost mutation: You are weak. (Str -2) [potion of mutation]
 13829 | D:9      | Lost mutation: You have a pair of small horns on your head.
                  | [potion of mutation]
 13829 | D:9      | Gained mutation: Armour fits poorly on your strangely
                  | shaped body. [potion of mutation]
 13829 | D:9      | Gained mutation: You are robust. (+10% HP) [potion of
                  | mutation]
 13830 | D:9      | Lost mutation: Armour fits poorly on your strangely shaped
                  | body. [potion of mutation]
 13830 | D:9      | Lost mutation: You are robust. (+10% HP) [potion of
                  | mutation]
 13830 | D:9      | Gained mutation: Your magical capacity is low. (-10% MP)
                  | [potion of mutation]
 13830 | D:9      | Gained mutation: Your spells are a little easier to cast,
                  | but a little less powerful. [potion of mutation]
 13830 | D:9      | Lost mutation: Your spells are a little easier to cast, but
                  | a little less powerful. [potion of mutation]
 13830 | D:9      | Gained mutation: You passively map a small area around you.
                  | [potion of mutation]
 14159 | D:9      | Found Giecloh's Book Boutique.
 14188 | D:9      | Offered knowledge of Sticky Flame by Vehumet.
 14431 | D:9      | Reached XP level 11. HP: 56/56 MP: 19/22
 14573 | D:9      | Found a staircase to the Lair.
 14801 | Lair:1   | Entered Level 1 of the Lair of Beasts
 15066 | Lair:1   | Reached **** piety under Vehumet
 15066 | Lair:1   | Reached skill level 10 in Spellcasting
 15066 | Lair:1   | Reached skill level 12 in Earth Magic
 15131 | Lair:1   | Learned a level 4 spell: Sticky Flame
 15476 | Lair:1   | Offered knowledge of Bolt of Magma by Vehumet.
 16171 | Lair:2   | Noticed a catoblepas
 16254 | Lair:2   | Noticed a catoblepas
 16419 | Lair:2   | Killed a catoblepas
 16548 | Lair:2   | Found a staircase to the Shoals.
 16744 | Lair:2   | Lost mutation: Your magical capacity is low. (-10% MP)
                  | [potion of mutation]
 16744 | Lair:2   | Lost mutation: You passively map a small area around you.
                  | [potion of mutation]
 16744 | Lair:2   | Gained mutation: You are somewhat resistant to further
                  | mutation. [potion of mutation]
 16744 | Lair:2   | Gained mutation: You are dopey. (Int -2) [potion of
                  | mutation]
 16744 | Lair:2   | Gained mutation: You are covered in fur. (AC +1) [potion of
                  | mutation]
 16756 | Lair:2   | Reached skill level 13 in Earth Magic
 16778 | Lair:2   | You fall into a shaft and drop 2 floors!
 16799 | Lair:4   | Noticed Sonja
 16939 | Lair:4   | Killed Sonja
 16939 | Lair:4   | Reached XP level 12. HP: 62/62 MP: 18/27
 16949 | Lair:4   | Noticed a five-headed hydra
 16955 | Lair:4   | Killed a five-headed hydra
 17253 | Lair:2   | Found a hole to the Spider Nest.
 17274 | Lair:2   | Reached ***** piety under Vehumet
 17376 | Lair:2   | Killed from afar by a catoblepas

Levels and vault maps discovered:
D:1:      minmay_arrival_four_circles, layout_basic
D:2:      layout_basic, elyvilon_altar_3, first_ration, nrook_mini_vaults
D:3:      layout_basic, old_standard_altar, nicolae_ashenzari_panopticon,
          uniq_natasha, uniq_robin, uniq_crazy_yiuf_cottage
D:4:      layout_cave_pools, uniq_grinder, uniq_duvessa
D:5:      gammafunk_cloud_chamber, layout_cave_pods, lemuel_round_altar,
          overflow_temple_1_default, basic_altar, grunt_qazlal_sundering
D:6:      layout_basic, kennysheep_mini_moat
D:7:      layout_basic, minmay_temple_entry_statues, nicolae_ossuary_entry_plus,
          basic_altar
D:8:      layout_loops_ring, makhleb_grotto_becter, lemuel_crystal_altar,
          lemuel_doored_altar, grunt_ogre_cave, minivault_24
D:9:      layout_long_grid, nicolae_ru_great_annihilating_truth,
          minmay_lair_entry_grove, serial_shops, nicolae_shop_crystal,
          worms_lemuel
Temple:   nicolae_temple_hex_pool
Lair:1:   layout_roguey [special_room_bee], grunt_megastairs_3,
          serial_bayou_shore_a
Lair:2:   layout_chaotic_city, minmay_shoals_entry_centaurs, dummy_spider_entry
Lair:3:   layout_chaotic_city
Lair:4:   regret_index_tunnel_blossom, layout_regular_city,
          ebering_ghost_inner_flame, serial_bayou_lake_a, uniq_sonja

Skill      XL: |  1  2  3  4  5  6  7  8  9 10 11 |
---------------+----------------------------------+-----
Earth Magic    | 4 5 6 7 8 10 11 13 | 13.2
Spellcasting   | 3 4 5 6 8 9 11 | 11.2
Maces & Flails | 1 |  1.7
Dodging        | 2 |  2.9
Conjurations   | 1 2 4 5 7 |  7.5
Stealth        | 3 4 |  4.8
Staves         | 1 2 |  2.7
Fighting       | 1 2 |  2.2
Shields        | 3 |  3.9
Transmutations | |  0.7

Action                   |  1- 3 |  4- 6 |  7- 9 | 10-12 || total
-------------------------+-------+-------+-------+-------++-------
Melee: Mace              |    13 |    58 |       |       ||    71
       Quarterstaff      |       |       |    23 |       ||    23
       Unarmed           |       |       |     7 |       ||     7
       Staff             |       |       |     6 |     8 ||    14
Throw: Stone             |       |       |       |     1 ||     1
 Cast: Sandblast         |    48 |    33 |    69 |     8 ||   158
       Stone Arrow       |     4 |    28 |   128 |   152 ||   312
       Lee's Rapid Decon |       |     2 |    27 |    27 ||    56
  Use: Scroll            |       |       |    13 |     1 ||    14
       Potion            |       |       |       |     6 ||     6
 Stab: Sleeping          |       |     2 |     2 |       ||     4
  Eat: Chunk             |     2 |    11 |    21 |    12 ||    46
       Ration            |       |     1 |     5 |     3 ||     9
Armor: Robe              |    18 |    26 |     6 |       ||    50
       Skin              |       |       |    55 |    32 ||    87
Dodge: Dodged            |    39 |    32 |    65 |    53 ||   189
Block: Shield            |       |       |    52 |    63 ||   115
